 Dungeon Crawl Stone Soup version 0.29-a0-845-g6161e89988 (webtiles) character file.

Game seed: 11723268689100880625

67 yuug the Charlatan (level 3, -4/21 (27) HPs)
             Began as a Demigod Artificer on July 15, 2022.
             Killed from afar by an orc wizard (5 damage)
             ... with a magic dart
             ... on level 3 of the Dungeon.
             The game lasted 00:04:37 (3085 turns).

yuug the Charlatan (Demigod Artificer)              Turns: 3085, Time: 00:04:37

HP:   -4/21 (27)    AC:  3    Str: 13    XL:     3   Next: 72%
MP:   5/5           EV: 11    Int: 13    God:
Gold: 173           SH:  0    Dex: 18    Spells: 2/2 levels left

rFire   . . .      SeeInvis .   t - +0 dagger (drain)
rCold   . . .      Faith    .   (no shield)
rNeg    . . .      Spirit   .   b - +0 leather armour
rPois   .          Reflect  .   (no helmet)
rElec   .          Harm     .   (no cloak)
rCorr   .          Rampage  .   (no gloves)
Will    .....                   (no boots)
Stlth   ++........              (no amulet)
HPRegen 0.07/turn               (no ring)
MPRegen 0.09/turn               (no ring)

@: heavily drained
A: high MP 1, forlorn, divine attributes
a: no special abilities


You were on level 3 of the Dungeon.
You visited 1 branch of the dungeon, and saw 3 of its levels.

You collected 173 gold pieces.

Inventory:

Hand Weapons
 a - a +0 club
 i - a +0 sling
 t - a +0 dagger of draining (weapon)
Armour
 b - a +0 leather armour (worn)
Jewellery
 g - a ring of resist corrosion
 m - a ring of protection from fire
 p - an amulet of guardian spirit
Wands
 c - a wand of flame (15) (quivered)
 d - a wand of charming (15)
 e - a wand of iceblast (9)
Scrolls
 j - a scroll of poison {unknown}
 k - a scroll of blinking {unknown}
 l - 2 scrolls of noise {unknown}
 n - a scroll of silence {unknown}
 r - 2 scrolls of fog {unknown}
 s - a scroll of teleportation {unknown}
Potions
 f - a potion of heal wounds {unknown}
 h - 2 potions of curing {unknown}
 o - a potion of degeneration {unknown}
 q - a potion of attraction {unknown}


   Skills:
 - Level 0.8 Fighting
 + Level 1.2 Ranged Weapons
 - Level 1.7 Armour
 - Level 0.8 Dodging
 + Level 2.4 Stealth
 + Level 3.4 Evocations


You had 2 spell levels left.
You didn't know any spells.
Your spell library contained the following spells:

 Spells                   Type           Power      Damage    Failure   Level
 Beastly Appendage        Tmut           0%         N/A       36%         1
 Wereblood                Tmut           0%         N/A       52%         2
 Spider Form              Tmut/Pois      0%         N/A       75%         3


Dungeon Overview and Level Annotations

Branches:
Dungeon (3/15)


Innate Abilities, Weirdness & Mutations

You have an increased reservoir of magic. (+10% MP)
You shall have no god before yourself.
Your divine heritage dramatically boosts your attributes as you level up.


Message History

You shoot a sling bullet. The sling bullet hits the orc.
You kill the orc!
The orc wizard gestures at you while chanting.
The puff of flame misses you.
You shoot a sling bullet.
The sling bullet closely misses the orc wizard.
Okay, then.
Items here: $ ) [ †.
You sense an unholy aura.
t - a +0 dagger of draining (weapon)
The orc wizard points at you and mumbles some strange words.
You are confused.
You bump into the rock wall.
The orc wizard closely misses you.
You miss the orc wizard. The orc wizard closely misses you.
You're too confused to move!
The orc wizard hits you with a +0 dagger.
The orc wizard hits you with a +0 dagger.
The orc wizard completely misses you.
Things that are here:
a +0 club; an orc corpse You barely miss the orc wizard.
The orc wizard barely misses you.
You bump into the rock wall.
You feel less confused. The orc wizard misses you.
You hit the orc wizard.
The orc wizard is lightly wounded.
The orc wizard hits you with a +0 dagger.
You hit the orc wizard but do no damage.
The orc wizard is lightly wounded.
The orc wizard hits you with a +0 dagger.
* * * LOW HITPOINT WARNING * * *
You barely miss the orc wizard.
The orc wizard is lightly wounded.
The orc wizard hits you with a +0 dagger.
* * * LOW HITPOINT WARNING * * *
You closely miss the orc wizard.
The orc wizard is lightly wounded.
The orc wizard casts a spell at you. The magic dart hits you.
You die...

## . .####..
..... ...# ##
###...### ##.
###.@.....#
##..##.[o[.......
#..#...####....##
####.#.##.# ....#
###.......#.#
P..#
####...#.......#
.P##
.........#.....#
##
.......###...#.#
.......#..)[...#


You could see an orc wizard.

Vanquished Creatures
  An adder (D:2)
  A dart slug (D:1)
  3 orcs
  3 bats
  5 endoplasms
  6 giant cockroaches
  5 goblins
  3 hobgoblins
  6 jackals
  4 kobolds
  A quokka (D:2)
  3 ball pythons
  2 frilled lizards
  2 rats
45 creatures vanquished.

Vanquished Creatures (others)
  5 fungi (D:2)
  3 plants (D:2)
8 creatures vanquished.

Grand Total: 53 creatures vanquished

Notes
Turn   | Place    | Note
-------+----------+-------------------------------------------
     0 | D:1      | yuug the Demigod Artificer began the quest for the Orb.
     0 | D:1      | Reached XP level 1. HP: 15/15 MP: 3/3
   174 | D:1      | Reached skill level 1 in Stealth
   608 | D:1      | Reached skill level 3 in Evocations
   863 | D:1      | Reached XP level 2. HP: 22/22 MP: 4/4
  2126 | D:2      | Reached XP level 3. HP: 26/27 MP: 5/5
  2156 | D:2      | Reached skill level 1 in Ranged Weapons
  3084 | D:3      | HP: 1/21 [orc wizard/+0 dagger (4)]
  3085 | D:3      | Killed from afar by an orc wizard

Illustrated notes

Levels and vault maps discovered:
D:1:      dpeg_arrival_line_fractal, layout_basic
D:2:      layout_loops_corners, shapermc_ecumenical_altar_mp_urbaneastern,
          minmay_box_of_dots
D:3:      minmay_inner_zag, layout_rooms, demons_altar, uniq_crazy_yiuf_cottage

Skill      XL: |  1  2  3 |
---------------+----------+-----
Stealth        | 1 2 |  2.4
Evocations     | 3 |  3.4
Ranged Weapons | 1 |  1.2
Fighting       | |  0.8
Armour         | |  1.7
Dodging        | |  0.8

Action                   || total
-------------------------++-------
Melee: Club              ||    36
       Punch             ||     2
       Dagger            ||     6
       Sling             ||     1
 Fire: Sling             ||   141
 Stab: Sleeping          ||     1
Armor: Leather armour    ||    37
Dodge: Dodged            ||   104

Table legend: (Time is in decaauts)
 A = Elapsed time spent in this place.
 B = Non-inter-level travel time spent in this place.
 C = Inter-level travel time spent in this place.
 D = Time resting spent in this place.
 E = Time spent auto-exploring this place.
 F = Levels seen in this place.
 G = Mean time per level.
                   A        B        C        D        E       F      G
               +--------+--------+--------+--------+--------+-----+--------+
         Total |   3150 |   3012 |    138 |      0 |   2630 |   3 | 1050.0 |
       Dungeon |   3150 |   3012 |    138 |      0 |   2630 |   3 | 1050.0 |
               +--------+--------+--------+--------+--------+-----+--------+

Top non-repeatable levels by time:
     D:1: 1692 daAuts
     D:2: 1284 daAuts
     D:3: 173 daAuts
